[Event "*** Titled Tuesday Blitz"]
[Site "Chess.com"]
[Date "2021.03.02"]
[Round "7"]
[White "romulocardoso"]
[Black "Kaliopa"]
[Result "0-1"]
[WhiteElo "2097"]
[BlackElo "2245"]
[TimeControl "180+1"]
[EndTime "11:15:46 PST"]
[Termination "Kaliopa won by resignation"]

1. e4 c5 2. Nf3 d6 3. d4 cxd4 4. Nxd4 Nf6 5. Nc3 a6 6. Be2 e6 7. O-O Be7 8. f4 O-O 9. Kh1 Qc7 10. Be3 b5 11. g4 b4 12. Na4 Nxe4 13. Bf3 Bb7 14.
Qd3 Nc5 15. Nxc5 dxc5 16. Ne2 c4 17. Qd1 Rd8 18. Qe1 Nc6 19. f5 exf5 20. gxf5 Ne5 21. Bxb7 Qxb7+ 22. Kg1 Nf3+ 23. Rxf3 Qxf3 24. Nd4 Qg4+ 25.
Kh1 Bc5 26. Nc6 Qe4+ 27. Kg1 Bxe3+ 28. Kf1 Qf3+ 0-1

[Event "*** Titled Tuesday Blitz"]
[Site "Chess.com"]
[Date "2021.03.02"]
[Round "7"]
[White "canary2016"]
[Black "jordanasoul"]
[Result "1-0"]
[WhiteElo "1986"]
[BlackElo "2146"]
[TimeControl "180+1"]
[EndTime "11:15:54 PST"]
[Termination "canary2016 won by resignation"]

1. d4 Nf6 2. Bf4 g6 3. Nc3 Bg7 4. e3 O-O 5. Nf3 b6 6. Be2 Bb7 7. O-O e6 8. Ne5 d6 9. Nd3 c5 10. dxc5 bxc5 11. Bf3 Nc6 12. Nb5 e5 13. Bg5 a6 14. Nc3 Rb8 15. Nd5 e4 16. Nxf6+ Bxf6 17. Bxf6 Qxf6 18. Bxe4 c4 19. Nf4 Rfe8 20. Bxc6 Bxc6 21.
Rb1 Red8 22. c3 Rb7 23. Qe2 Be4 24. Rbd1 d5 25. Rfe1 Qe5 26. f3 Bf5 27. e4 Be6 28. Nxd5 Bxd5 29. exd5 Qxe2 30. Rxe2 Rxd5 31. Rxd5 1-0

[Event "*** Titled Tuesday Blitz"]
[Site "Chess.com"]
[Date "2021.03.02"]
[Round "7"]
[White "davidkalashian"]
[Black "GoltsevDmitry2000"]
[Result "1/2-1/2"]
[WhiteElo "2588"]
[BlackElo "2737"]
[TimeControl "180+1"]
[EndTime "11:15:56 PST"]
[Termination "Game drawn by repetition"]

1. d4 d5 2. Nf3 c6 3. c4 Nf6 4. Qc2 g6 5. g3 Bg7 6. Bg2 O-O 7. O-O Nbd7 8. b3 Ne4 9. Bb2 e6 10. Nbd2 f5 11. Ne5 Nxe5 12. dxe5 Bd7 13. Nf3 g5 14.
Rad1 g4 15. Ne1 Rc8 16. Nd3 h5 17. Nf4 Qg5 18. f3 Nc5 19. b4 Na6 20. a3 h4 21. fxg4 Qxg4 22. Qd3 Rf7 23. Qf3 Qxf3 24. Bxf3 hxg3 25. hxg3 dxc4 26. Bh5 Re7 27. Ng6 Rf7 28. Nf4 Re7 29. Ng6 Rf7 30. Nf4 1/2-1/2

[Event "*** Titled Tuesday Blitz"]
[Site "Chess.com"]
[Date "2021.03.02"]
[Round "7"]
[White "FMOlexandrProhorov"]
[Black "HanSchut"]
[Result "0-1"]
[WhiteElo "2095"]
[BlackElo "2229"]
[TimeControl "180+1"]
[EndTime "11:16:02 PST"]
[Termination "HanSchut won by resignation"]

1. e4 c5 2. c3 g6 3. d4 cxd4 4. cxd4 d5 5. e5 Nc6 6. Nf3 Bg4 7. Nbd2 Nh6 8. h3 Bxf3 9. Nxf3 e6 10. Be3 Nf5 11.
Qb3 Nxe3 12. fxe3 Qd7 13. Bb5 a6 14. Bxc6 Qxc6 15. O-O Rc8 16. Ng5 Rc7 17. Rac1 Qxc1 18. Rxc1 Rxc1+ 19. Kh2 Bh6 20. Nf3 O-O 21. Qxb7 Bxe3 22.
Kg3 Rc2 23. Qxa6 Rxb2 24. a4 h5 25. a5 Bf2+ 26. Kh2 h4 27. Qd3 Bg3+ 28. Kg1 Rc8 0-1

[Event "*** Titled Tuesday Blitz"]
[Site "Chess.com"]
[Date "2021.03.02"]
[Round "7"]
[White "Mazetovic"]
[Black "Leo_C"]
[Result "0-1"]
[WhiteElo "2689"]
[BlackElo "2444"]
[TimeControl "180+1"]
[EndTime "11:16:04 PST"]
[Termination "Leo_C won by resignation"]

1. e4 c6 2. d4 d5 3. e5 c5 4. Nf3 cxd4 5. Nxd4 e6 6. c4 Nc6 7. Nc3 Bc5 8. Nxc6 bxc6 9. Qa4 Bd7 10. Be2 Ne7 11.
O-O Ng6 12. Re1 O-O 13. Bf1 Qc7 14. Qc2 Nxe5 15. Na4 Be7 16. Bf4 Nf3+ 17. gxf3 Qxf4 0-1

[Event "*** Titled Tuesday Blitz"]
[Site "Chess.com"]
[Date "2021.03.02"]
[Round "7"]
[White "anskam"]
[Black "FMLorneTwitch"]
[Result "0-1"]
[WhiteElo "1778"]
[BlackElo "2327"]
[TimeControl "180+1"]
[EndTime "11:16:05 PST"]
[Termination "FMLorneTwitch won on time"]

1. e4 d5 2. exd5 Qxd5 3. d4 Nf6 4. c4 Qd8 5. Nf3 Bg4 6. Be3 e6 7. Be2 Be7 8. O-O O-O 9. Qb3 b6 10. Nbd2 Nbd7 11. h3 Bh5 12. g4 Bg6 13. Nh4 c5 14.
Nxg6 hxg6 15. dxc5 Nxc5 16. Bf3 Nxb3 17. Nxb3 Rc8 18.
Rad1 Qc7 19. Rc1 Bc5 20. Nxc5 bxc5 21. Rfd1 Rfd8 22. Kg2 e5 23. Rd2 e4 24. Be2 Rxd2 25. Bxd2 Rd8 26. Be3 Nd7 27. Rd1 Ne5 0-1

[Event "*** Titled Tuesday Blitz"]
[Site "Chess.com"]
[Date "2021.03.02"]
[Round "7"]
[White "lucasmito"]
[Black "urutodo"]
[Result "1-0"]
[WhiteElo "2506"]
[BlackElo "2297"]
[TimeControl "180+1"]
[EndTime "11:16:06 PST"]
[Termination "lucasmito won by resignation"]

1. e4 c6 2. d4 d5 3. Nc3 dxe4 4. Nxe4 Nf6 5. Nxf6+ exf6 6. c3 Bd6 7. Bd3 Be6 8. Qc2 h6 9. Ne2 Qc7 10. Be3 Nd7 11.
O-O-O b5 12. Kb1 Nb6 13. Rhe1 Nc4 14. Bc1 Qa5 15. d5 cxd5 16. Nd4 O-O 17. Nxe6 fxe6 18. Rxe6 Rae8 19. Bxc4 Rxe6 20. Bxd5 Re8 21. Re1 Kf7 22. Qb3 Be5 23. f4 Qc7 24. fxe5 fxe5 25. Bxe6+ Rxe6 26. Qxb5 e4 27. Qd5 Qe7 28. Rxe4 1-0

[Event "*** Titled Tuesday Blitz"]
[Site "Chess.com"]
[Date "2021.03.02"]
[Round "7"]
[White "Zeeduin"]
[Black "Mazanchenko_Dmitry"]
[Result "1-0"]
[WhiteElo "2902"]
[BlackElo "2112"]
[TimeControl "180+1"]
[EndTime "11:16:13 PST"]
[Termination "Zeeduin won by resignation"]

1. e4 c5 2. Nf3 d6 3. Nc3 Nf6 4. e5 dxe5 5. Nxe5 Nbd7 6. d4 Nxe5 7. dxe5 Qxd1+ 8. Nxd1 Nd5 9. f4 a6 10. a4 Bf5 11. c3 e6 12. Nf2 h5 13. Bc4 O-O-O 14. O-O f6 15. a5 fxe5 16. fxe5 g6 17. Bg5 Rd7 18. Rfe1 Bh6 19. Bxh6 Rxh6 20. Rad1 g5 21. Bd3 Nf4 22. Bc4 Rhh7 23. g3 Nh3+ 24. Nxh3 Bxh3 25.
Rd6 Rhe7 26. Red1 Kc7 27. Bb3 Bf5 28. Ba4 1-0

[Event "*** Titled Tuesday Blitz"]
[Site "Chess.com"]
[Date "2021.03.02"]
[Round "7"]
[White "Matols"]
[Black "Rondo_Capriccioso"]
[Result "0-1"]
[WhiteElo "2273"]
[BlackElo "2464"]
[TimeControl "180+1"]
[EndTime "11:16:14 PST"]
[Termination "Rondo_Capriccioso won by resignation"]

1. d4 Nf6 2. c4 g6 3. g3 Bg7 4.
Bg2 d6 5. Nc3 O-O 6. Nf3 e5 7.
O-O Nbd7 8. e4 c6 9. h3 Qb6 10. Re1 Re8 11. Rb1 exd4 12. Nxd4 a5 13. Be3 Qc7 14. Qc2 Nc5 15. b3 h5 16. Rbd1 Bd7 17. Bf4 Rad8 18. Nf3 Bc8 19. Ng5 Ne6 20. Nxe6 Bxe6 21.
c5 Qc8 22. Bxd6 Bxh3 23. e5 Bxg2 24. Kxg2 Ng4 25. f4 Qe6 26. Ne4 Bh6 27. Qc4 Qf5 28. Rh1 Ne3+ 0-1

[Event "*** Titled Tuesday Blitz"]
[Site "Chess.com"]
[Date "2021.03.02"]
[Round "7"]
[White "ellennilssen"]
[Black "Treacherous_horse64"]
[Result "1-0"]
[WhiteElo "2275"]
[BlackElo "2556"]
[TimeControl "180+1"]
[EndTime "11:16:14 PST"]
[Termination "ellennilssen won by checkmate"]

1. c4 e6 2. g3 d5 3. Bg2 Nf6 4. Nf3 Nbd7 5. O-O b6 6. Qa4 Bb7 7. Ne5 Bd6 8. Nc6 Qc8 9. Nc3 O-O 10. cxd5 exd5 11. Nxd5 Nxd5 12. Bxd5 Nc5 13. Qc2 Qh3 14.
Bg2 Qh5 15. d4 Ne6 16. d5 Nc5 17. b4 Nd7 18. a3 Rfe8 19. e4 Nf6 20. Bb2 Ba6 21.
Rfe1 Ng4 22. h3 Nh6 23. e5 Bf8 24. e6 fxe6 25. dxe6 Bd6 26. Qc3 Qg5 27. h4 Qg4 28. Bf3 Qg6 29. h5 Qg5 30. Bc1 Qf6 31. Qxf6 gxf6 32.
Bxh6 Rac8 33. Rad1 Bb5 34. Nd4 Ba4 35. Rc1 Be5 36.
Nf5 c5 37. e7 Kf7 38. Bd5# 1-0

[Event "*** Titled Tuesday Blitz"]
[Site "Chess.com"]
[Date "2021.03.02"]
[Round "7"]
[White "volunteers1998"]
[Black "Alniro4"]
[Result "1-0"]
[WhiteElo "2166"]
[BlackElo "2264"]
[TimeControl "180+1"]
[EndTime "11:16:16 PST"]
[Termination "volunteers1998 won on time"]

1. e4 e5 2. Nc3 Nf6 3. Bc4 Nxe4 4.
Qh5 Nd6 5. Bb3 Nc6 6. Nb5 g6 7. Qf3 f6 8. Qd5 Qe7 9. Nxc7+ Kd8 10. Nxa8 b6 11. Nxb6 axb6 12. Ne2 Bb7 13. Qd3 Nf5 14. O-O Nb4 15. Qb5 Kc7 16. d3 Bg7 17. Bd2 Nc6 18.
Nc3 Nfd4 19. Nd5+ 1-0

[Event "*** Titled Tuesday Blitz"]
[Site "Chess.com"]
[Date "2021.03.02"]
[Round "7"]
[White "LubovMarkelova"]
[Black "niki_2003"]
[Result "1-0"]
[WhiteElo "2211"]
[BlackElo "2006"]
[TimeControl "180+1"]
[EndTime "11:16:26 PST"]
[Termination "LubovMarkelova won by resignation"]

1. Nf3 d5 2. d4 e6 3. c4 Nf6 4. e3 Bd6 5. Bd3 c6 6. O-O O-O 7. b3 Nbd7 8. Bb2 Re8 9. Ne5 Qc7 10. f4 c5 11. Nd2 a6 12. Ndf3 Be7 13. Ng5 cxd4 14.
exd4 Nxe5 15. fxe5 Ne4 16. Nxe4 dxe4 17. Bxe4 Rd8 18.
Qh5 g6 19. Qf3 Bf8 20. Rad1 Bg7 21. h4 Rb8 22. h5 Rf8 23. Ba3 Re8 24. Bd6 Qd7 25.
Bxb8 Rf8 26. Bd6 Rd8 27. c5 1-0

[Event "*** Titled Tuesday Blitz"]
[Site "Chess.com"]
[Date "2021.03.02"]
[Round "7"]
[White "GMJustin"]
[Black "c_r_e_e_p_e_r"]
[Result "0-1"]
[WhiteElo "2244"]
[BlackElo "2415"]
[TimeControl "180+1"]
[EndTime "11:16:27 PST"]
[Termination "c_r_e_e_p_e_r won on time"]

1. d4 Nf6 2. c4 e6 3. Nf3 b6 4. g3 Ba6 5. b3 c5 6. d5 exd5 7.
cxd5 g6 8. Bb2 Bg7 9. d6 O-O 10. Bg2 Re8 11. Ne5 Nc6 12. Bxc6 dxc6 13. O-O Re6 14.
Qc2 Qxd6 15. Rd1 Qe7 16. f4 Nd5 17. Qc1 Bxe2 18. Re1 Ba6 19. Na3 Re8 20. Nac4 b5 21. Qc2 bxc4 0-1

[Event "*** Titled Tuesday Blitz"]
[Site "Chess.com"]
[Date "2021.03.02"]
[Round "7"]
[White "BabyBoss31"]
[Black "FontVella8"]
[Result "0-1"]
[WhiteElo "2342"]
[BlackElo "2490"]
[TimeControl "180+1"]
[EndTime "11:16:29 PST"]
[Termination "FontVella8 won by resignation"]

1. d4 Nf6 2. Bg5 e6 3. e4 h6 4.
Bxf6 Qxf6 5. c3 d5 6. Bd3 Qd8 7. Nd2 c5 8. Ne2 Nc6 9. O-O cxd4 10. cxd4 Qb6 11. Nb3 dxe4 12. Bxe4 Be7 13. Rc1 O-O 14.
Bb1 Bf6 15. Qc2 g6 16. Rfd1 Ne7 17. Qc5 Nd5 18. Nc3 Qxc5 19. Nxc5 Nxc3 20. Rxc3 b6 21. Ne4 Bg7 22. Rc7 Ba6 23. d5 exd5 24. Rxd5 Bxb2 25. h4 Rad8 26. Rdd7 Rxd7 27. Rxd7 Rc8 28. Nd2 Rc1+ 29. Kh2 Bc3 30. Bd3 Bxd3 31. Rxd3 Bxd2 32. Rxd2 Rc7 33. Rd8+ Kg7 34. g3 Rc2 35. Kg2 Rxa2 36. Rb8 Rb2 37.
Rb7 a5 38. Kf3 a4 39. h5 a3 40. hxg6 Kxg6 41. Kg4 a2 42. Ra7 b5 43. f4 b4 44.
f5+ 0-1

[Event "*** Titled Tuesday Blitz"]
[Site "Chess.com"]
[Date "2021.03.02"]
[Round "7"]
[White "FLamps8"]
[Black "Parhamov"]
[Result "0-1"]
[WhiteElo "2660"]
[BlackElo "2883"]
[TimeControl "180+1"]
[EndTime "11:16:30 PST"]
[Termination "Parhamov won by checkmate"]

1. d4 f5 2. Nc3 Nf6 3. Bg5 c6 4. Bxf6 exf6 5. e3 d5 6. Bd3 Bd6 7. Qf3 g6 8. h4 h5 9. Nh3 Be6 10.
Nf4 Bf7 11. O-O-O Nd7 12. g3 Qe7 13. Kb1 O-O-O 14. Rhe1 Kb8 15. Qg2 Rhe8 16. f3 Bb4 17. Qd2 Nb6 18. a3 Bd6 19. e4 dxe4 20. fxe4 Bxa3 21.
bxa3 Qxa3 22. d5 fxe4 23. Rxe4 Rxe4 24. Nxe4 Na4 25. c4 cxd5 26. Nxd5 Bxd5 27. cxd5 f5 28. Qf4+ Ka8 29. Qc7 Qb2# 0-1

[Event "*** Titled Tuesday Blitz"]
[Site "Chess.com"]
[Date "2021.03.02"]
[Round "7"]
[White "anon481216"]
[Black "juancruzarias"]
[Result "1-0"]
[WhiteElo "2499"]
[BlackElo "2626"]
[TimeControl "180+1"]
[EndTime "11:16:33 PST"]
[Termination "anon481216 won by resignation"]

1. d4 Nf6 2. c4 c5 3. d5 e5 4.
Nc3 d6 5. e4 Be7 6. g3 O-O 7.
Bg2 Nbd7 8. Nge2 Ne8 9. O-O Nc7 10. a4 Rb8 11. Be3 b6 12. Qd2 a6 13. f4 b5 14.
axb5 axb5 15. b3 bxc4 16. bxc4 Rb4 17. Ra4 Nb6 18. Rxb4 cxb4 19. Bxb6 bxc3 20. Nxc3 Qd7 21. fxe5 dxe5 22. c5 Na8 23. c6 Qd6 24. Be3 Nc7 25. Rb1 Rd8 26. Nb5 Nxb5 27. Rxb5 Ba6 28.
Rb6 Qa3 29. h3 Bc5 30. Bxc5 Qxc5+ 31. Qf2 Qc4 32. c7 Rc8 33. d6 Qc1+ 34. Kh2 1-0

[Event "*** Titled Tuesday Blitz"]
[Site "Chess.com"]
[Date "2021.03.02"]
[Round "7"]
[White "Aygehovit1992"]
[Black "Grandmaster2B"]
[Result "1-0"]
[WhiteElo "2638"]
[BlackElo "2494"]
[TimeControl "180+1"]
[EndTime "11:16:33 PST"]
[Termination "Aygehovit1992 won by resignation"]

1. e4 c5 2. Nf3 d6 3. d4 cxd4 4. Nxd4 Nf6 5. Nc3 a6 6. Bg5 Nbd7 7. f4 Qc7 8. Qf3 b5 9. O-O-O Bb7 10. Bd3 Qb6 11.
Nf5 e6 12. Ne3 Be7 13. Rhe1 O-O 14. Ng4 Rac8 15. Qg3 Rfe8 16. e5 Nxg4 17. Qxg4 dxe5 18.
Bxe7 Rxe7 19. Bxh7+ Kf8 20. fxe5 b4 21. Ne4 b3 22. axb3 Qxb3 23. Nd6 Rc7 24. Qh4 Qa2 25. Bg6 Qa1+ 26. Kd2 Qa5+ 27. c3 Qd5+ 28. Kc1 1-0

[Event "*** Titled Tuesday Blitz"]
[Site "Chess.com"]
[Date "2021.03.02"]
[Round "7"]
[White "Cuajada_Zero"]
[Black "ViditYT"]
[Result "0-1"]
[WhiteElo "2295"]
[BlackElo "2948"]
[TimeControl "180+1"]
[EndTime "11:16:35 PST"]
[Termination "ViditYT won by resignation"]

1. d4 Nf6 2. c4 g6 3. Nc3 d5 4.
cxd5 Nxd5 5. e4 Nxc3 6. bxc3 Bg7 7. Nf3 c5 8. Be2 O-O 9. O-O b6 10. Be3 Bb7 11. Qc2 Qc7 12. Rac1 cxd4 13. Bxd4 Bxd4 14. Nxd4 Nd7 15. f3 Rac8 16. Kh1 Ne5 17. Qa4 Qb8 18. Ba6 Bxa6 19. Qxa6 Rfd8 20. Rfd1 Rd7 21. Nb5 Nd3 22. Nxa7 Nf2+ 23. Kg1 Rxa7 24. Qe2 Nxd1 0-1

[Event "*** Titled Tuesday Blitz"]
[Site "Chess.com"]
[Date "2021.03.02"]
[Round "7"]
[White "Hangar-18"]
[Black "SilviusTiberius"]
[Result "0-1"]
[WhiteElo "2373"]
[BlackElo "2518"]
[TimeControl "180+1"]
[EndTime "11:16:37 PST"]
[Termination "SilviusTiberius won by resignation"]

1. c4 e6 2. Nf3 d5 3. e3 Nf6 4. d4 Be7 5. Nc3 O-O 6. Bd3 b6 7. O-O Bb7 8. b3 Nbd7 9. Bb2 c5 10. Qe2 cxd4 11. exd4 Rc8 12. Rad1 Re8 13. Ne5 dxc4 14. bxc4 g6 15. f4 Bf8 16. Ne4 Nxe4 17.
Bxe4 Bxe4 18. Qxe4 Nxe5 19. dxe5 Qc7 20. Rc1 Red8 21. Kh1 Rd2 22. Bd4 Rd8 23. Be3 Rxa2 24. f5 exf5 25. Qb1 Re2 26. Bg5 Rd4 27. Bf6 Rg4 28. Rg1 Qc6 29. Qb5 Rgxg2 0-1

[Event "*** Titled Tuesday Blitz"]
[Site "Chess.com"]
[Date "2021.03.02"]
[Round "7"]
[White "chigorin28"]
[Black "Federtiu"]
[Result "0-1"]
[WhiteElo "2502"]
[BlackElo "2651"]
[TimeControl "180+1"]
[EndTime "11:16:48 PST"]
[Termination "Federtiu won by resignation"]

1. e4 c6 2. d4 d5 3. Nc3 dxe4 4. Nxe4 Nd7 5. Nf3 Ngf6 6. Nxf6+ Nxf6 7. Be2 Bf5 8. O-O e6 9. c4 Bd6 10. b3 O-O 11.
Bb2 h6 12. h3 Qc7 13. Ne5 Rad8 14. f4 c5 15. Kh1 cxd4 16. Qxd4 Bc5 17. Qc3 Ne4 18. Qf3 Rd2 19. g4 Bh7 20. Bd3 Nf2+ 21.
Rxf2 Rxf2 22. Bxh7+ Kxh7 23. Qd3+ Kg8 24. Bc3 Rd8 25.
Qg3 f6 26. Nd3 Qc6+ 27. Kg1 Rg2+ 0-1

[Event "*** Titled Tuesday Blitz"]
[Site "Chess.com"]
[Date "2021.03.02"]
[Round "7"]
[White "beto-betun"]
[Black "pfalcon1949"]
[Result "1-0"]
[WhiteElo "2209"]
[BlackElo "2022"]
[TimeControl "180+1"]
[EndTime "11:16:51 PST"]
[Termination "beto-betun won by resignation"]

1. d4 Nf6 2. Nf3 d5 3. g3 e6 4. Bg2 Be7 5. O-O O-O 6. c4 dxc4 7. Ne5 Nc6 8. Nxc6 bxc6 9. Nc3 Rb8 10. Bxc6 Rb6 11. Bg2 Bb7 12. e4 c5 13. dxc5 Bxc5 14. Qxd8 Rxd8 15. Na4 Rc6 16. Nxc5 Rxc5 17. Be3 Rcc8 18.
f3 a6 19. Rac1 Kf8 20. Kf2 h6 21. Rc3 Rd3 22. Rxd3 cxd3 23. Rc1 Rd8 24. Rd1 Bc6 25. b3 Bb5 26. Bf1 Rc8 27. Bxd3 Bxd3 28. Rxd3 Rc2+ 29. Rd2 Rc3 30. Bd4 Rc1 31. Bxf6 gxf6 32. g4 Ke7 33. Kg3 Rc3 34. Rf2 a5 35. h4 Kd6 36. Rd2+ Kc6 37.
Rd8 Rc2 38. Rc8+ 1-0

[Event "*** Titled Tuesday Blitz"]
[Site "Chess.com"]
[Date "2021.03.02"]
[Round "7"]
[White "guillembaches"]
[Black "j_coca"]
[Result "0-1"]
[WhiteElo "2461"]
[BlackElo "2346"]
[TimeControl "180+1"]
[EndTime "11:16:53 PST"]
[Termination "j_coca won by resignation"]

1. e4 Nf6 2. e5 Nd5 3. c4 Nb6 4. d4 d6 5. exd6 cxd6 6. Nc3 g6 7. Bd3 Bg7 8. Nge2 Nc6 9. d5 Ne5 10. O-O O-O 11. b3 e6 12. dxe6 Bxe6 13. Be4 Qe7 14.
Be3 Rad8 15. Bxb6 axb6 16. Qd2 f5 17. Bd5 Ng4 18. h3 Nf6 19. Nf4 Bxd5 20. Nfxd5 Nxd5 21. Nxd5 Qh4 22. Rae1 f4 23. f3 Be5 24. Nxb6 Rf5 25.
Qd5+ Kg7 26. c5 Bc3 27. Qd1 Bxe1 28. Rxe1 dxc5 29. Qa1+ Qf6 30. Re8 Qxa1+ 0-1

[Event "*** Titled Tuesday Blitz"]
[Site "Chess.com"]
[Date "2021.03.02"]
[Round "7"]
[White "Misticpikachu"]
[Black "hellokostya"]
[Result "1-0"]
[WhiteElo "2424"]
[BlackElo "2554"]
[TimeControl "180+1"]
[EndTime "11:16:55 PST"]
[Termination "Misticpikachu won by resignation"]

1. c4 g6 2. Nc3 Bg7 3. d4 Nf6 4. e4 d6 5. h3 O-O 6. Be3 Na6 7. g4 c6 8. Nge2 e5 9. d5 cxd5 10. cxd5 Bd7 11. Ng3 b5 12. Bxb5 Bxb5 13. Nxb5 Rb8 14. a4 Nc7 15. O-O Nxb5 16. axb5 Rxb5 17. Rxa7 Rxb2 18.
Qc1 Qb8 19. Qc7 Qb4 20. Ra6 Nxe4 21. Rb6 Qa5 22. Nxe4 Rxb6 23. Qxb6 Qxd5 24. Nxd6 f5 25. Qc5 Qf3 26. Qc4+ Kh8 27. Nf7+ Rxf7 28. Qxf7 fxg4 29.
Qxf3 gxf3 1-0

[Event "*** Titled Tuesday Blitz"]
[Site "Chess.com"]
[Date "2021.03.02"]
[Round "7"]
[White "Arkady_Gitelson"]
[Black "esapunov"]
[Result "0-1"]
[WhiteElo "2563"]
[BlackElo "2712"]
[TimeControl "180+1"]
[EndTime "11:16:57 PST"]
[Termination "esapunov won on time"]

1. Nf3 Nf6 2. g3 g6 3. Bg2 Bg7 4. O-O O-O 5. d4 d6 6. h3 Nbd7 7. c4 e5 8. Nc3 Re8 9. Qc2 c6 10. Rd1 Qe7 11. dxe5 dxe5 12. e4 a5 13. b3 Qd8 14.
Ba3 Bf8 15. Bxf8 Kxf8 16. Qd2 Kg7 17. Nh4 h6 18. Nf3 Qe7 19. a3 Nc5 20. Qc2 Qc7 21. b4 Ne6 22. c5 Nh7 23. Na4 axb4 24. axb4 Nhg5 25. Nxg5 hxg5 26. Nb6 Rxa1 27. Rxa1 Nd4 28.
Qb2 Rh8 29. g4 Be6 30. Rd1 Rd8 31. Kh1 Qe7 32. Bf1 Qf6 33. Bg2 Qf4 34. Qd2 Nf3 0-1

[Event "*** Titled Tuesday Blitz"]
[Site "Chess.com"]
[Date "2021.03.02"]
[Round "7"]
[White "PSvidler"]
[Black "A-Fier"]
[Result "1/2-1/2"]
[WhiteElo "2914"]
[BlackElo "2788"]
[TimeControl "180+1"]
[EndTime "11:16:58 PST"]
[Termination "Game drawn by repetition"]

1. Nf3 Nf6 2. c4 c5 3. g3 d5 4.
cxd5 Nxd5 5. Bg2 Nc6 6. Nc3 Nc7 7. a3 e6 8. O-O Be7 9. d3 O-O 10.
Be3 Nd5 11. Nxd5 exd5 12. d4 c4 13. b3 Be6 14. bxc4 dxc4 15. Bf4 Bd5 16. Re1 Be4 17.
e3 Qd5 18. Nh4 Bxh4 19. Bxe4 Qxe4 20. gxh4 Rad8 21. Qb1 Qf3 22. Bg3 Na5 23. Qb5 Rd5 24. Qb4 f5 25. Rad1 Rc8 26. Qe7 Qe4 27. Be5 Qg4+ 28.
Kh1 Qf3+ 29. Kg1 Qg4+ 30. Kh1 Qf3+ 31. Kg1 Qg4+ 1/2-1/2

[Event "*** Titled Tuesday Blitz"]
[Site "Chess.com"]
[Date "2021.03.02"]
[Round "7"]
[White "mjray79"]
[Black "andrewtnb"]
[Result "1-0"]
[WhiteElo "2476"]
[BlackElo "2318"]
[TimeControl "180+1"]
[EndTime "11:16:58 PST"]
[Termination "mjray79 won by resignation"]

1. d4 e6 2. g3 f5 3. c4 Nf6 4. Bg2 Bb4+ 5. Bd2 a5 6. a3 Bxd2+ 7. Nxd2 O-O 8. Qc2 d5 9. Nh3 c6 10. O-O a4 11. b4 axb3 12. Qxb3 Ne4 13. Rfd1 Qa5 14.
Nf3 Nd7 15. Nf4 Ndf6 16. Ne5 g5 17. Nfd3 Kg7 18. Rdc1 h5 19. cxd5 exd5 20. Nc5 Qd2 21. Nf3 Nxc5 22. dxc5 Qxe2 23. Re1 Qc4 24. Re7+ Rf7 25.
Rxf7+ Kxf7 26. Ne5+ 1-0

[Event "*** Titled Tuesday Blitz"]
[Site "Chess.com"]
[Date "2021.03.02"]
[Round "7"]
[White "KroshkaKami"]
[Black "eduardoperalta"]
[Result "0-1"]
[WhiteElo "2378"]
[BlackElo "2541"]
[TimeControl "180+1"]
[EndTime "11:17:00 PST"]
[Termination "eduardoperalta won by resignation"]

1. e4 c5 2. Nf3 Nc6 3. Bb5 g6 4. Bxc6 dxc6 5. h3 Bg7 6. d3 Nf6 7. Nc3 Nd7 8. Be3 e5 9. a4 a5 10. Qe2 b6 11. O-O O-O 12. Nd2 Nf6 13. f4 exf4 14.
Bxf4 Nh5 15. Bh2 Be6 16. Kh1 Qd7 17. Nf3 Rae8 18. Ng5 f5 19. Nxe6 Rxe6 20. Rae1 Rfe8 21. Qd1 Bxc3 22. bxc3 fxe4 23. d4 cxd4 24. cxd4 e3 25. Re2 Qd5 26. c3 b5 27. Rf3 Ng7 28. Qc1 Nf5 29.
Kg1 b4 30. Be5 bxc3 31. Qxc3 c5 32. Rxf5 gxf5 33. Qxe3 cxd4 34. Qg5+ Rg6 35. Qxf5 d3 0-1

[Event "*** Titled Tuesday Blitz"]
[Site "Chess.com"]
[Date "2021.03.02"]
[Round "7"]
[White "Margency"]
[Black "Chopper1905"]
[Result "0-1"]
[WhiteElo "2697"]
[BlackElo "2942"]
[TimeControl "180+1"]
[EndTime "11:17:02 PST"]
[Termination "Chopper1905 won by resignation"]

1. e4 e5 2. Nf3 Nc6 3. Bc4 Bc5 4. d3 Nf6 5. O-O d6 6. c3 a6 7. a4 Ba7 8. Na3 O-O 9. Bg5 h6 10. Bh4 g5 11. Bg3 Bg4 12. Nc2 Nh5 13. Ne3 Bxe3 14.
fxe3 Nxg3 15. hxg3 Kg7 16. Qd2 Ne7 17. Rf2 Ng6 18. Raf1 Qe7 19. d4 Be6 20. Bd3 g4 21. Nh2 h5 22. a5 h4 23. Rf5 hxg3 24. Nxg4 Qh4 25. d5 Rh8 0-1

[Event "*** Titled Tuesday Blitz"]
[Site "Chess.com"]
[Date "2021.03.02"]
[Round "7"]
[White "Chuchofrio1"]
[Black "FMalexhdez"]
[Result "0-1"]
[WhiteElo "2263"]
[BlackElo "2159"]
[TimeControl "180+1"]
[EndTime "11:17:04 PST"]
[Termination "FMalexhdez won by resignation"]

1. e4 c5 2. Nc3 d6 3. Bb5+ Bd7 4.
Bc4 Nc6 5. d3 g6 6. f4 Bg7 7.
Nf3 e6 8. O-O Nge7 9. Bd2 Nd4 10.
Ne2 b5 11. Nexd4 bxc4 12. Ne2 cxd3 13. cxd3 Bxb2 14. Rb1 Bg7 15. Bc3 O-O 16. Bxg7 Kxg7 17. Nh4 f5 18. Ng3 Nc6 19. exf5 exf5 20. Nf3 Rb8 21.
Rxb8 Qxb8 22. Qc2 Qb4 23. Rb1 Qxf4 24. Rb7 Rf7 25. Qc3+ Nd4 26. Nxd4 cxd4 27. Qc4 Qe3+ 28. Kf1 Re7 29. Rb1 Be6 30. Qa6 Bd5 31. Qxd6 Qxd3+ 32. Kg1 Qxb1+ 33. Nf1 Qe4 0-1

[Event "*** Titled Tuesday Blitz"]
[Site "Chess.com"]
[Date "2021.03.02"]
[Round "7"]
[White "Evachess2006"]
[Black "mr65"]
[Result "0-1"]
[WhiteElo "1600"]
[BlackElo "2088"]
[TimeControl "180+1"]
[EndTime "11:17:04 PST"]
[Termination "mr65 won on time"]

1. e4 e5 2. Nf3 Nc6 3. Bc4 Nf6 4. d3 Bc5 5. O-O h6 6. Be3 Bb6 7. Bxb6 axb6 8. Nbd2 O-O 9. c3 d5 10. exd5 Nxd5 11.
Bxd5 Qxd5 12. Qe2 Bf5 13. Ne4 Rxa2 14. c4 Qa5 15. Rxa2 Qxa2 16. Ng3 Bg6 17. Rd1 Qb3 18. d4 exd4 19. Nxd4 Nxd4 20. Rxd4 Ra8 21. h3 Ra1+ 22.
Kh2 Rc1 23. Rd8+ Kh7 24. Ne4 Qxc4 25. Nf6+ gxf6 26. g3 Qxe2 0-1

[Event "*** Titled Tuesday Blitz"]
[Site "Chess.com"]
[Date "2021.03.02"]
[Round "7"]
[White "gatocorbis"]
[Black "AniJak"]
[Result "1-0"]
[WhiteElo "2087"]
[BlackElo "2315"]
[TimeControl "180+1"]
[EndTime "11:17:07 PST"]
[Termination "gatocorbis won by checkmate"]

1. e4 c5 2. c3 e6 3. Nf3 d5 4.
exd5 exd5 5. d4 c4 6. Be2 Nf6 7. O-O Be7 8. b3 cxb3 9. axb3 O-O 10. h3 Nc6 11. Be3 Bf5 12. Qd2 Ne4 13. Qb2 a6 14. Nbd2 Rc8 15. Nxe4 Bxe4 16. Nd2 Bg6 17. Rac1 Re8 18.
Bf3 Bg5 19. Bxg5 Qxg5 20. Rfe1 Ne7 21. c4 b6 22. cxd5 Rxc1 23. Qxc1 Rd8 24. d6 Nf5 25. d7 h5 26. Re8+ Kh7 27. Qc8 Rxd7 28. Rh8# 1-0

[Event "*** Titled Tuesday Blitz"]
[Site "Chess.com"]
[Date "2021.03.02"]
[Round "7"]
[White "ShahMatKanal"]
[Black "muchojogo"]
[Result "0-1"]
[WhiteElo "2485"]
[BlackElo "2374"]
[TimeControl "180+1"]
[EndTime "11:17:09 PST"]
[Termination "muchojogo won on time"]

1. e4 c5 2. Nf3 d6 3. b4 cxb4 4. a3 d5 5. exd5 b3 6. c4 b5 7. d3 e6 8. dxe6 Bxe6 9. Qxb3 bxc4 10. dxc4 Nf6 11. Be2 Nbd7 12. O-O Bc5 13. Nc3 O-O 14. Bg5 h6 15. Bh4 Be7 16. Rfd1 Qc8 17. Rac1 Nc5 18. Qc2 Rb8 19. Nd5 Bxd5 20. cxd5 Nce4 21. Qc7 Qxc7 22. Rxc7 Bxa3 23. Rxa7 Bc5 24. Ra5 Rb2 25. Rxc5 Nxc5 26. Bf1 g5 27. Bg3 Nfe4 28. d6 Nxg3 29. hxg3 Ne4 30. Nd4 Nxf2 31. Re1 Ng4 32. Nf5 Rd8 33.
Bc4 Rb4 34. Rc1 Ne5 35. Bd5 Kh7 0-1